Map: Temple gelé

Players

pupu

  • Race: Protoss Protoss
  • League: Gold

Nihilbx - Winner!

  • Race: Terran Terran
  • League: Silver

VOD

Have the link to the VOD?

Description

Time

  • Played on: April 19, 2016, 8:51 a.m.
  • Length: 15:31
Show
View Real Time Build Order
Export as new Build Order

pupu Protoss 

Build Orders: 1 Gate Expand 

Get SALT Encoding   

  12  0:01  Probe (Chrono Boost)  
  13  0:11  Probe (Chrono Boost)  
  14  0:19  Pylon  
  14  0:22  Probe (Chrono Boost)  
  15  0:37  Probe (Chrono Boost)  
  15  0:39  Gateway  
  16  0:46  Assimilator  
  16  0:48  Probe (Chrono Boost)  
  17  0:59  Probe (Chrono Boost)  
  18  1:19  Nexus  
  18  1:22  Probe (Chrono Boost)  
  19  1:33  Cybernetics Core  
  19  1:39  Probe (Chrono Boost)  
  20  1:42  Assimilator  
  20  1:50  Probe (Chrono Boost)  
  20  1:53  Pylon  
  21  2:00  Probe (Chrono Boost)  
  22  2:13  Robotics Facility  
  22  2:14  Probe (Chrono Boost)  
  23  2:19  Warp Gate (Chrono Boost)  
  23  2:25  Probe  
  24  2:30  Stalker  
  24  2:31  Probe  
  27  2:42  Probe  
  28  2:50  Twilight Council, Probe  
  28  2:54  Probe  
  28  2:56  Pylon  
  30  3:01  Probe  
  31  3:07  Mothership Core  
  31  3:11  Probe  
  33  3:12  Assimilator  
  33  3:18  Observer  
  35  3:22  Probe  
  36  3:28  Probe  
  36  3:31  Gateway  
  36  3:33  Probe  
  37  3:40  Probe, Pylon  
  39  3:43  Probe  
  40  3:48  Assimilator  
  40  3:52  Probe  
  40  3:54  Probe, Pylon  
  42  3:57  Gateway  
  42  4:02  Gateway  
  42  4:11  Warp Prism  
  42  4:12  Probe  
  42  4:13  Probe  
  46  4:22  Charge (Chrono Boost)  
  46  4:23  Probe  
  47  4:38  Probe  
  47  4:40  Probe  
  49  4:50  Zealot  
  49  4:51  Zealot  
  49  4:52  Probe  
  53  4:53  Probe  
  53  4:55  Immortal  
  59  5:02  Probe  
  59  5:05  Probe  
  61  5:13  Probe  
  61  5:17  Probe  
  61  5:19  Forge  
  61  5:20  Forge  
  63  5:23  Probe  
  63  5:27  Pylon  
  64  5:30  Probe, Pylon  
  64  5:32  Zealot  
  64  5:33  Zealot  
  64  5:34  Probe  
  70  5:44  Pylon  
  70  5:45  Probe, Pylon  
  70  5:46  Probe  
  70  5:48  Pylon  
  72  5:50  Pylon  
  72  5:53  Pylon  
  72  5:56  Probe  
  72  5:57  Probe  
  72  6:01  Protoss Ground Weapons Level 1, Protoss Ground Armor Level 1  
  74  6:09  Probe  
  75  6:16  Zealot x4  
  82  6:58  Zealot x3  
  82  6:59  Zealot  
  80  7:25  Immortal  
  80  7:27  Zealot x2  
  80  7:28  Probe, Zealot x2  
  80  7:29  Probe  
  86  7:41  Pylon  
  86  7:43  Pylon  
  86  7:46  Pylon  
  86  7:48  Nexus  
  86  7:49  Zealot x4  
  86  7:50  Pylon  
  94  7:52  Pylon  
  94  7:54  Probe, Pylon  
  94  7:55  Probe  
  96  8:05  Observer  
  85  8:11  Zealot x2  
  85  8:12  Zealot x2  
  75  8:26  Protoss Ground Weapons Level 2 (Chrono Boost), Protoss Ground Armor Level 2 (Chrono Boost)  
  67  8:33  Zealot x4  
  71  8:35  Gateway  
  71  8:36  Gateway  
  71  8:38  Gateway  
  65  8:55  Zealot x4  
  71  9:02  Immortal  
  75  9:08  Probe  
  75  9:10  Probe  
  75  9:12  Probe  
  78  9:18  Zealot x4  
  78  9:19  Probe  
  78  9:23  Gateway x2  
  87  9:27  Pylon  
  87  9:29  Pylon  
  87  9:30  Probe  
  87  9:31  Probe x2  
  87  9:36  Pylon  
  90  9:39  Pylon  
  90  9:43  Assimilator, Pylon  
  90  9:46  Pylon  
  90  9:48  Pylon  
  90  9:53  Probe  
  90  9:56  Gateway  
  90  9:57  Gateway  
  91  10:00  Gateway  
  91  10:02  Gateway  
  91  10:11  Assimilator  
  91  10:21  Pylon  
  91  10:23  Dark Shrine  
  91  10:27  Templar Archives  
  90  10:30  Zealot x2  
  90  10:31  Zealot x5  
  91  10:54  Protoss Shields Level 1 (Chrono Boost), Protoss Ground Armor Level 3 (Chrono Boost)  
  91  10:55  Zealot x4  
  91  10:56  Zealot x4  
  91  10:57  Zealot  
  94  11:18  Zealot x5  
  94  11:40  Immortal  
  94  11:45  Zealot  
  94  11:46  Zealot x2  
  96  12:07  Nexus  
  92  12:17  Zealot x3  
  98  12:23  Probe  
  99  12:38  Probe x2  
  101  12:45  Dark Templar  
  101  12:46  Dark Templar x2  
  101  12:50  Probe x2  
  109  12:54  Dark Templar  
  109  12:57  Archon  
  109  12:58  Archon  
  111  13:10  Probe x2  
  113  13:20  Probe  
  113  13:22  Probe  
  115  13:31  Pylon  
  91  13:38  Dark Templar  
  91  13:39  Dark Templar x7  
  88  13:59  Archon  
  88  14:00  Archon x3  
  88  14:06  Nexus  
  88  14:12  Pylon  
  88  14:16  Pylon  
  88  14:23  Pylon  
  88  14:32  Gateway  
  88  14:35  Gateway  
  88  14:42  Probe, Assimilator  
Show
View Real Time Build Order
Export as new Build Order

Nihilbx Terran - Winner!

Build Orders: MMM Bio 

Get SALT Encoding   

  12  0:01  SCV  
  13  0:13  SCV  
  14  0:19  Supply Depot  
  14  0:25  SCV  
  15  0:41  SCV  
  16  0:42  Barracks  
  16  0:47  Refinery  
  16  0:53  SCV  
  17  1:05  Supply Depot, SCV  
  18  1:17  SCV  
  19  1:26  Supply Depot  
  19  1:31  Orbital Command  
  19  1:34  Barracks Reactor  
  19  2:04  Command Center  
  19  2:07  SCV  
  20  2:15  Marine  
  20  2:16  Marine  
  20  2:19  SCV  
  23  2:27  Barracks  
  23  2:37  Engineering Bay  
  23  2:45  Barracks  
  23  2:48  Marine x2  
  23  2:50  SCV  
  26  3:02  SCV  
  27  3:06  Marine x2  
  29  3:13  Missile Turret  
  29  3:14  SCV  
  29  3:15  Barracks Tech Lab  
  30  3:24  Marine x2  
  30  3:26  SCV  
  33  3:28  Orbital Command  
  33  3:34  Barracks Reactor  
  33  3:35  Combat Shields  
  33  3:38  SCV  
  33  3:39  Marine  
  35  3:42  Marine  
  36  3:50  SCV  
  36  3:55  Terran Infantry Weapons Level 1  
  37  4:00  Supply Depot  
  38  4:02  SCV  
  38  4:05  Supply Depot  
  38  4:06  Missile Turret  
  38  4:12  SCV  
  38  4:14  Marine, SCV  
  38  4:15  Marine  
  42  4:24  SCV  
  43  4:38  SCV x2  
  45  4:41  Marine x2  
  45  4:42  Marine x3  
  50  4:50  SCV x2  
  52  4:55  Stimpack  
  52  4:59  Marine x3  
  54  5:01  Supply Depot, Marine x2  
  54  5:03  Supply Depot  
  57  5:17  Marine x3  
  57  5:19  Marine x2  
  62  5:35  Marine x3  
  65  5:37  Marine x2  
  65  5:40  SCV x2  
  69  5:52  Marine, SCV  
  69  5:53  Marine x2, SCV  
  69  5:54  Supply Depot  
  69  5:55  Marine  
  69  5:56  Supply Depot  
  75  5:57  Supply Depot  
  75  6:04  SCV  
  75  6:06  Missile Turret  
  76  6:12  Missile Turret  
  76  6:15  Missile Turret x2  
  76  6:21  Marauder, Marine x4  
  82  6:27  Command Center  
  82  6:28  Missile Turret  
  82  6:31  Barracks  
  82  6:35  Barracks  
  82  6:39  Marine x3  
  84  6:42  Marauder  
  86  6:48  Marine  
  86  6:51  Missile Turret  
  87  6:56  Marine  
  87  6:57  Marine x2  
  89  7:03  Marine  
  89  7:05  Marine  
  90  7:14  Refinery, Marine x3  
  84  7:16  Refinery  
  84  7:21  Marine  
  84  7:23  Marine  
  82  7:32  Marine x3  
  85  7:39  Marine  
  85  7:41  Marine  
  87  7:49  Barracks Reactor  
  87  7:50  Marine x3  
  90  7:53  Command Center  
  90  7:56  Marine  
  91  7:59  Marine  
  91  8:01  Terran Infantry Armor Level 1  
  84  8:16  Marine x4  
  84  8:17  Marine  
  70  8:34  Marine x5  
  70  8:37  Marine x2  
  70  8:40  SCV x2  
  73  8:52  Marine x5, SCV  
  73  8:55  Marine x2  
  71  8:57  Barracks Reactor  
  71  8:59  Barracks  
  67  9:09  Marine  
  65  9:10  Marine x4  
  65  9:13  Marine x2  
  72  9:17  Missile Turret  
  72  9:18  Planetary Fortress  
  72  9:27  Marine x2  
  72  9:28  Marauder, Marine  
  77  9:48  Marine x5  
  77  9:49  Marine x3  
  77  9:50  Marauder  
  88  10:02  Barracks Reactor  
  88  10:06  Marine x4  
  91  10:08  Marine x4  
  91  10:11  Marauder  
  97  10:24  Factory, Marine x4, SCV x3  
  97  10:26  Marine x4  
  108  10:32  Marauder  
  110  10:36  SCV x3  
  110  10:41  Marine  
  110  10:42  Marine  
  114  10:48  SCV x2  
  110  10:53  Marine x4  
  110  10:54  Marauder, Marine x4  
  120  10:59  Marine x2  
  122  11:11  Marine x5  
  113  11:12  Marine x3  
  113  11:15  Marauder  
  113  11:17  Marine x2  
  104  11:21  SCV x2  
  105  11:29  Marine x7  
  105  11:30  Marine  
  105  11:31  Factory Reactor  
  113  11:35  Marine x2  
  113  11:37  Marauder  
  116  11:41  Supply Depot  
  116  11:46  Marine  
  116  11:47  Marine  
  116  11:49  Marine  
  116  11:50  Marine x4  
  116  11:52  Marine  
  116  11:53  Marine  
  124  12:02  Marauder  
  124  12:04  Supply Depot  
  124  12:06  Marine  
  124  12:07  Marine x4  
  124  12:08  Marine x2  
  133  12:25  Marauder, Marine x6  
  133  12:26  Supply Depot  
  141  12:47  Marine x8  
  141  12:48  Supply Depot  
  149  12:54  Marauder  
  149  12:55  Command Center  
  151  13:03  Armory  
  151  13:06  Engineering Bay  
  151  13:10  Marine x5  
  156  13:13  Marine  
  156  13:15  Marauder  
  144  13:36  Marine x6  
  144  13:37  Marauder, Marine x4  
  126  13:53  Marine  
  126  13:54  Marine x3  
  120  13:58  Marauder  
  120  14:00  Starport  
  120  14:08  Missile Turret  
  120  14:13  Missile Turret  
  120  14:23  Missile Turret  
  120  14:25  Planetary Fortress  
  120  14:28  Marine  
  120  14:29  Marine  
  122  14:32  Missile Turret  
  122  14:39  Starport Tech Lab  
  122  14:42  Missile Turret  
  122  14:46  Hellbat x2  
  126  14:53  SCV x2  
  126  14:58  SCV  
  129  15:04  Marine  
  129  15:05  Marine x2, SCV x2  
  129  15:06  Marine, Missile Turret  
  135  15:07  Hellbat x2  
Tags
 
Add a new tag
Caveats
  • Supply blocks, unpowered buildings, or Contaminate may cause inaccurate times.
  • Supply counts are checked every 10 seconds.